AoeStats
← 297539664

Black Forest

510258266Analyzed
4v4 RM · 1d ago on Sep 30, 2026· 56m 0s· 8 players
Game mode
Random Map
Map size
Large (8 player)
Population
200
Speed
Normal
Resources
Standard
Victory
Conquest
Starting age
Dark Age
Ending age
Imperial Age
RankedLock teamsTeams togetherTeam positionsShared explorationLock speedFull tech treeHidden civsTurbo modeCheats
Victory
Defeat
🇹🇷 Lithuanians · Türkiye
1353
+11
🇲🇽 Britons · Mexico
1341
+11
🇧🇪 Portuguese · Belgium
1268
+14
🇺🇸 Varangians · United States
1218
+16
🇨🇳 Ethiopians · China
1330
-16
🇨🇳 Franks · China
1218
-13
🇲🇽 Dravidians · Mexico
1194
-12
🇦🇷 Khmer · Argentina
1184
-11
noumha
12:37 Feudal Age
10:54 Loom
18:49 Castle Age
18:41 Fishing Lines
19:22 Double-Bit Axe
19:48 Gillnets
22:25 Bow Saw
25:52 Imperial Age
25:34 Fletching
28:26 Chemistry
27:33 Siege Engineers
28:54 Two-Man Saw
29:02 Wheelbarrow
30:32 Hand Cart
30:24 Padded Archer Armor
30:14 Fletching
30:16 Treadmill Crane
31:01 Arquebus
31:23 Conscription
33:35 Town Watch
34:18 Bombard Tower
34:09 Masonry
36:33 Elite Organ Gun
47:59 Elite Skirmisher
48:44 Thumb Ring
48:39 Bodkin Arrow
48:59 Leather Archer Armor
48:59 Light Cavalry
49:49 Bloodlines
49:40 Husbandry
50:43 Cavalier
52:07 Bracer
52:38 Ring Archer Armor
52:13 Scale Barding Armor
52:19 Forging
Seifer
0:43 Loom
11:53 Feudal Age
12:21 Double-Bit Axe
12:20 Fishing Lines
14:06 Town Watch
19:06 Castle Age
18:02 Stone Mining
19:02 Gold Mining
20:21 Bow Saw
20:14 Gillnets
21:51 Gold Shaft Mining
27:03 Imperial Age
24:54 Fletching
26:09 Bodkin Arrow
26:14 Padded Archer Armor
27:19 Ballistics
28:08 Conscription
27:51 Bracer
29:29 Two-Man Saw
28:43 Guilds
29:13 Siege Engineers
31:04 Chemistry
30:36 Elite Longbowman
33:58 Leather Archer Armor
34:20 Yeomen
35:52 Ring Archer Armor
38:38 Scale Mail Armor
38:48 Forging
39:10 Coinage
40:16 Banking
42:32 Chain Mail Armor
42:53 Iron Casting
45:10 Plate Mail Armor
45:40 Blast Furnace
45:00 Pikeman
45:53 Squires
45:38 Arson
46:00 Halberdier
47:49 Treadmill Crane
48:19 Masonry
48:05 Murder Holes
50:40 Wheelbarrow
bayirm17
3:18 Loom
10:36 Feudal Age
12:45 Man-at-Arms
15:22 Double-Bit Axe
16:08 Horse Collar
21:53 Castle Age
19:58 Stone Mining
22:46 Wheelbarrow
24:12 Bow Saw
32:16 Imperial Age
31:41 Fletching
31:51 Padded Archer Armor
34:08 Chemistry
34:05 Hand Cart
35:49 Squires
35:10 Pikeman
35:35 Arson
37:07 Halberdier
38:26 Scale Mail Armor
38:36 Forging
39:24 Chain Mail Armor
39:11 Heavy Plow
39:53 Husbandry
40:04 Bloodlines
39:56 Bodkin Arrow
40:42 Iron Casting
41:17 Crop Rotation
41:49 Padded Archer Armor
41:59 Heavy Cavalry Archer
42:45 Thumb Ring
42:41 Bodkin Arrow
43:01 Leather Archer Armor
44:04 Tower Shields
44:24 Conscription
45:15 Two-Man Saw
44:30 Bracer
45:01 Ring Archer Armor
44:36 Scale Barding Armor
45:18 Ballistics
44:39 Treadmill Crane
45:09 Masonry
48:28 Long Swordsman
50:15 Caravan
50:45 Coinage
50:26 Guilds
51:13 Chain Barding Armor
51:46 Gold Mining
52:31 Stone Shaft Mining
52:37 Hoardings
52:57 Banking
Pikachu
11:11 Feudal Age
15:39 Castle Age
14:00 Double-Bit Axe
16:16 Fishing Lines
22:11 Gillnets
26:06 Wheelbarrow
29:04 Hand Cart
28:53 Gold Mining
31:50 Imperial Age
29:48 Hand Cart
30:11 Caravan
30:22 Stone Mining
31:29 Squires
31:15 Arson
31:10 Pikeman
32:21 Halberdier
33:17 Forging
33:07 Scale Mail Armor
33:15 Gambesons
33:12 Elite Varangian Guard
34:44 Iron Casting
35:35 Chemistry
34:36 Gothikon
35:38 Conscription
37:31 Chain Mail Armor
37:46 Onager
42:04 Plate Mail Armor
42:34 Blast Furnace
52:36 Heavy Scorpion
53:24 Elite Jarl
56:15 Scale Barding Armor
Quimimoshly06
1:03 Loom
14:05 Feudal Age
14:18 Man-at-Arms
16:47 Town Watch
23:16 Castle Age
22:05 Double-Bit Axe
28:10 Gold Mining
29:15 Wheelbarrow
36:12 Imperial Age
34:41 Medical Corps
37:46 Padded Archer Armor
39:31 Stone Mining
40:12 Leather Archer Armor
39:48 Fletching
39:54 Fishing Lines
43:50 Bodkin Arrow
44:26 Ring Archer Armor
45:05 Chemistry
44:46 Ballistics
44:59 Thumb Ring
45:31 Hand Cart
45:30 Bow Saw
46:44 Husbandry
47:17 Horse Collar
48:41 Two-Man Saw
50:41 Elite Skirmisher
51:26 Bracer
52:40 Conscription
Sabio Pervertido
5:53 Loom
13:03 Feudal Age
13:48 Horse Collar
13:59 Double-Bit Axe
17:10 Castle Age
16:41 Wheelbarrow
21:00 Fishing Lines
24:01 Heavy Plow
28:11 Imperial Age
26:44 Gold Mining
26:45 Stone Mining
27:48 Fletching
27:58 Padded Archer Armor
28:33 Padded Archer Armor
28:29 Bodkin Arrow
29:00 Ballistics
29:13 Hand Cart
29:13 Bow Saw
29:39 Gold Shaft Mining
29:39 Stone Shaft Mining
29:42 Leather Archer Armor
29:34 Scale Mail Armor
29:44 Forging
30:05 Scale Barding Armor
30:58 Chain Mail Armor
30:54 Heavy Scorpion
31:55 Bracer
32:26 Ring Archer Armor
34:06 Chemistry
33:05 Elite Skirmisher
35:07 Iron Casting
35:35 Chain Barding Armor
37:02 Blast Furnace
37:21 Plate Barding Armor
36:47 Light Cavalry
37:38 Bloodlines
37:28 Husbandry
37:54 Town Watch
38:42 Conscription
38:03 Hussar
46:36 Double Crossbow
49:24 Gillnets
297539664
0:52 Loom
11:22 Feudal Age
15:13 Castle Age
13:44 Double-Bit Axe
13:42 Horse Collar
16:38 Bow Saw
22:40 Heavy Plow
23:45 Wheelbarrow
23:59 Gold Mining
26:21 Gold Shaft Mining
29:49 Imperial Age
27:38 Hand Cart
27:25 Padded Archer Armor
27:15 Fletching
27:43 Fletching
27:37 Crossbowman
28:40 Ballistics
29:04 Bodkin Arrow
29:25 Leather Archer Armor
30:50 Thumb Ring
31:54 Chemistry
30:17 Arbalester
32:16 Conscription
33:44 Ring Archer Armor
33:15 Bracer
34:39 Two-Man Saw
44:29 Elite Skirmisher
游离
10:52 Feudal Age
14:55 Castle Age
14:21 Double-Bit Axe
15:17 Wheelbarrow
16:39 Bow Saw
16:35 Loom
24:11 Gold Mining
25:51 Gold Shaft Mining
29:09 Hand Cart
29:52 Scale Barding Armor
29:58 Forging
29:46 Stone Mining
30:12 Town Watch
33:27 Imperial Age
31:02 Husbandry
31:41 Fortified Wall
31:16 Light Cavalry
32:08 Pikeman
32:34 Gambesons
32:51 Squires
32:37 Arson
33:13 Chain Barding Armor
33:29 Iron Casting
32:57 Scale Mail Armor
33:31 Heavy Scorpion
33:35 Cavalier
34:43 Conscription
36:10 Plate Barding Armor
36:35 Blast Furnace
36:23 Paladin
38:13 Caravan
38:27 Caravan
39:12 Siege Engineers
42:50 Coinage
42:54 Chain Mail Armor
42:40 Padded Archer Armor
42:30 Fletching
42:41 Padded Archer Armor
42:31 Fletching
43:11 Ballistics
44:15 Chemistry
47:59 Hoardings
46:54 Elite Skirmisher
48:19 Banking
48:44 Elite Throwing Axeman
51:12 Leather Archer Armor
50:52 Bodkin Arrow
51:12 Leather Archer Armor
50:52 Bodkin Arrow
51:35 Plate Mail Armor
Connection lost

Rejoining the realm…

Still unreachable

The connection could not be restored.

Session expired

The server has moved on; the page needs a fresh start.